 Dungeon Crawl Stone Soup version 0.29-a0-483-g69413ace17 (webtiles) character file.

Game seed: 8774348897384967257

5019 freelancePsychic the Fighter (level 10, -1/85 HPs)
             Began as a Palentonga Wanderer on May 26, 2022.
             Was a Priest of Cheibriados.
             Succumbed to a hornet's poison
             ... while paralysed by a hornet
             ... on level 8 of the Dungeon.
             The game lasted 00:19:34 (9493 turns).

freelancePsychic the Fighter (Palentonga Wanderer)  Turns: 9493, Time: 00:19:34

Health: -1/85      AC: 16    Str: 24    XL:     10   Next: 30%
Magic:  5/16       EV:  1    Int: 28    God:    Cheibriados [***...]
Gold:   400        SH:  0    Dex: 17    Spells: 6/18 levels left

rFire   + . .      SeeInvis +   f - +4 dagger (venom)
rCold   + + .      Faith    .   (no shield)
rNeg    . . .      Spirit   .   G - +2 robe {rC+ rF+}
rPois   .          Reflect  .   (no helmet)
rElec   .          Harm     .   A - +1 cloak
rCorr   .          Rampage  .   t - +0 pair of gloves
Will    .....                   (no barding)
Stlth   ++........              (no amulet)
HPRegen 0.24/turn               j - ring of protection from cold
MPRegen 0.15/turn               u - +6 ring of intelligence

@: paralysed, lethally poisoned (-1 -> -15), very slightly contaminated, slowed,
studying Short Blades, curled up, very slow
A: large, rugged brown scales 3, see invisible, deformed body, roll 1, armoured
tail, reflexive curl
a: Rolling Charge, Renounce Religion, Bend Time, Temporal Distortion


You were on level 8 of the Dungeon.
You worshipped Cheibriados.
Cheibriados was most pleased with you.
You visited 1 branch of the dungeon, and saw 8 of its levels.

You collected 400 gold pieces.

Inventory:

Hand Weapons
 a - a +0 hunting sling
 d - a +0 trident
 f - a +4 dagger of venom (weapon)
 B - the +4 short sword "Pieteegg" {vorpal, Will- rCorr Int+7}
   (You found it on level 5 of the Dungeon)

   It inflicts extra damage upon your enemies.
   Int:       It affects your intelligence (+7).
   rCorr:     It protects you from acid and corrosion.
   Will:      It decreases your willpower.
 D - a +2 dagger of electrocution
Missiles
 l - 14 boomerangs
 P - 2 throwing nets
Armour
 b - a +0 scale mail
 s - a +0 leather armour
 t - a +0 pair of gloves (worn)
 y - a +4 scale mail of poison resistance
 A - a +1 cloak (worn)
 G - a +2 robe of resistance (worn)
 L - +2 steam dragon scales
Magical Staves
 w - a staff of cold
 z - a staff of poison
Jewellery
 j - a ring of protection from cold (left hand)
 k - a ring of resist corrosion
 m - an amulet of guardian spirit
 o - a +6 ring of strength
 u - a +6 ring of intelligence (right hand)
 H - a +6 ring of intelligence
 M - a +4 ring of slaying
 O - a ring of positive energy
Wands
 C - a wand of paralysis (4)
 F - a wand of mindburst (36)
 I - a wand of flame (39)
Scrolls
 c - 2 scrolls of fog
 g - 4 scrolls of immolation
 p - a scroll of blinking
 q - 2 scrolls of amnesia
 J - a scroll of summoning {unknown}
 N - 2 scrolls of vulnerability
 Q - a scroll of teleportation {@r4}
Potions
 e - 3 potions of invisibility {unknown}
 h - a potion of resistance {unknown}
 i - 3 potions of attraction
 n - a potion of lignification {unknown}
 r - 2 potions of cancellation
 v - a potion of degeneration {unknown}
 x - a potion of mutation {unknown}
 E - 2 potions of might {unknown}
 K - a potion of magic {unknown}
 R - a potion of haste {unknown}
 S - a potion of curing {@q1}


   Skills:
 + Level 8.1 Fighting
 - Level 5.9 Short Blades
 - Level 1.0(1.1) Slings
 - Level 1.0(1.1) Throwing
 - Level 1.5 Armour
 - Level 3.7 Dodging
 + Level 4.5 Spellcasting
 - Level 7.5 Necromancy
 * Level 5.4 Poison Magic


You had 6 spell levels left.
You knew the following spells:

 Your Spells              Type           Power      Damage    Failure   Level
a - Necrotize             Necr           100%       1d9       1%          1
b - Vampiric Draining     Necr           48%        2d9       1%          3
c - Corpse Rot            Necr/Pois/Air  30%        N/A       12%         4
d - Dispel Undead         Necr           48%        3d18      3%          4

Your spell library contained the following spells:

 Spells                   Type           Power      Damage    Failure   Level
 Slow                     Hex            24%        N/A       7%          1
 Confusing Touch          Hex            6%         N/A       22%         3
 Petrify                  Tmut/Erth      6%         N/A       56%         4
 Metabolic Englaciation   Hex/Ice        3%         N/A       89%         5
 Eringya's Noxious Bog    Tmut/Pois      10%        N/A       98%         6
 Statue Form              Tmut/Erth      4%         N/A       100%        6
 Borgnjor's Revivificati  Necr           24%        N/A       100%        8


Dungeon Overview and Level Annotations

Branches:
Dungeon (8/15)             Temple (0/1) D:6
   Lair: D:8-11

Altars:
Cheibriados
Dithmenos
Fedhas
Gozag
Trog
Wu Jian
Yredelemnul

Annotations:
D:7 2 transporters, exclusion: killer bee, Joseph; spaghetti's ghost, novice OgBe


Innate Abilities, Weirdness & Mutations

You are completely covered in rugged brown scales. (AC +3, +7% HP)
You have supernaturally acute eyesight. (SInv)
Armour fits poorly on your strangely shaped body.
You can roll at nearby foes to attack.
You have a long armoured tail.
You curl defensively after being hit. (AC +7*)


Message History

The wind whips around you.
The hornet buzzes angrily.
You hear a shout!
The hornet misses you.
You hear a shout!
Casting: Corpse Rot (dangerous; 12% risk of failure)
Confirm with . or Enter, or press ? or * to list all spells.
Aiming: Vampiric Draining (safe; 1% risk of failure)
Press: ? - help, Shift-Dir - straight line, f - hornet
Aim: a hornet You draw life force from the hornet.
You feel life coursing into your body. The hornet stings you!
You are poisoned.
You feel yourself slow down.
Casting: Vampiric Draining (safe; 1% risk of failure)
Confirm with . or Enter, or press ? or * to list all spells.
Aiming: Vampiric Draining (safe; 1% risk of failure)
Press: ? - help, Shift-Dir - straight line, f/p - hornet
Aim: a hornet (lightly wounded)
You draw life force from the hornet!
You feel life coursing into your body.
You feel yourself speed up.
You feel very sick. The hornet closely misses you.
The hornet stings you but does no damage.
You hit the hornet but do no damage.
The hornet is poisoned.
The hornet is heavily wounded.
You feel sick. The hornet stings you!
* * * LOW HITPOINT WARNING * * *
You suddenly lose the ability to move!
The hornet barely misses you.
You feel sick. The hornet stings you!
* * * LOW HITPOINT WARNING * * *
You are lethally poisoned!
You feel yourself slow down.
* * * LOW HITPOINT WARNING * * *
You feel very sick. The hornet stings you.
* * * LOW HITPOINT WARNING * * *
You shrug off the repeated paralysis!
The hornet stings you.
* * * LOW HITPOINT WARNING * * *
You shrug off the repeated paralysis!
You die...

... ...# ♣♣.
.....(.# ♣..♣
.......# ...♣ ♣
........ ♣..♣ #♣
.#.... #.≈ ♣..♣ #.
.#..## #.≈S ♣§§♣♣
#.
.....##..#♣≈≈≈♣#♣♣
♣)§♣♣#†
........?..≈≈S.y@♣♣
♣†§§.. ....###.
#♣≈≈≈♣#..♣♣ ♣♣..♣#♣
.....# #.≈ #♣..♣♣
#♣§§♣♣ #.######.#
♣♣..♣♣ #♣..♣♣
#........
♣♣..♣♣♣♣..♣♣
#.###.#..#
♣♣..♣♣..♣♣
#.###.#..# ♣♣....♣♣
#.###.#..# ♣♣..♣♣
......#..#######
##.# ##


You could see a hornet (very poisoned) and an electric eel.

Vanquished Creatures
  A centaur warrior (D:8)
  Maurice (D:8)
  Maggie (D:7)
  Grinder (D:4)
  A hornet (D:8)
  A jumping spider (shapeshifter) (D:8)
  Sigmund (D:4)
  A steam dragon (D:8)
  Menkaure (D:4)
  Edmund (D:4)
  Duvessa (D:7)
  2 sky beasts
  2 black bears (D:6)
  2 ogres (D:5)
  3 phantoms
  2 bullfrogs (D:8)
  A gnoll sergeant (D:7)
  5 scorpions
  Dowan (D:7)
  7 wights (D:7)
  A howler monkey (D:8)
  4 hounds
  A jelly (D:5)
  4 orc priests
  Ijyb (D:4)
  Natasha (twice) (D:4 D:3)
  5 iguanas
  6 orc wizards
  10 gnolls
  12 adders
  2 shadow imps
  A white imp (D:7)
  2 ufetubi
  3 worms
  14 orcs
  7 endoplasms
  3 giant cockroaches
  7 goblins
  8 hobgoblins
  6 jackals
  4 kobolds
  7 quokkas
  5 ball pythons
  6 frilled lizards
  5 rats
162 creatures vanquished.

Vanquished Creatures (others)
  An orc (D:8)
  2 plants (D:4)
3 creatures vanquished.

Grand Total: 165 creatures vanquished

Notes
Turn   | Place    | Note
-------+----------+-------------------------------------------
     0 | D:1      | freelancePsychic the Palentonga Wanderer began the quest
                  | for the Orb.
     0 | D:1      | freelancePsychic set off with the following items: a +0
                  | hunting sling, a +0 scale mail, a scroll of fog; and the
                  | following spell memorised: Necrotize; and the following
                  | spells available to memorise: Vampiric Draining, Dispel
                  | Undead
     0 | D:1      | Reached XP level 1. HP: 16/16 MP: 2/2
   603 | D:1      | Found a faded altar of an unknown god.
   711 | D:1      | Reached XP level 2. HP: 19/22 MP: 3/3
  1142 | D:2      | Reached skill level 1 in Short Blades
  1209 | D:2      | Reached XP level 3. HP: 25/27 MP: 5/5
  1799 | D:3      | Reached skill level 2 in Fighting
  1995 | D:3      | Reached XP level 4. HP: 24/35 MP: 4/6
  2814 | D:4      | Noticed Menkaure
  2829 | D:4      | Killed Menkaure
  2830 | D:4      | Reached XP level 5. HP: 29/42 MP: 7/7
  2933 | D:4      | Noticed Grinder
  2933 | D:4      | Paralysed by Grinder for 4 turns
  2949 | D:4      | Noticed Sigmund
  2984 | D:4      | Killed Sigmund
  2985 | D:4      | Reached skill level 3 in Fighting
  2985 | D:4      | Reached skill level 5 in Necromancy
  2985 | D:4      | Reached XP level 6. HP: 38/50 MP: 8/8
  2991 | D:4      | Learned a level 3 spell: Vampiric Draining
  2996 | D:4      | Learned a level 4 spell: Dispel Undead
  3107 | D:4      | Noticed Natasha
  3117 | D:4      | Killed Natasha
  3208 | D:4      | Found a blossoming altar of Fedhas.
  3268 | D:4      | Killed Grinder
  3269 | D:4      | Reached skill level 5 in Short Blades
  3269 | D:4      | Gained mutation: You curl defensively after being hit. (AC
                  | +7*) [Palentonga growth]
  3269 | D:4      | Reached XP level 7. HP: 28/56 MP: 9/9
  3507 | D:4      | Reached skill level 4 in Fighting
  3593 | D:4      | Noticed Natasha
  3622 | D:3      | Killed Natasha
  3825 | D:4      | Found an opulent altar of Gozag.
  3825 | D:4      | Found an ornate altar of the Wu Jian Council.
  3825 | D:4      | Found a snail-covered altar of Cheibriados.
  3825 | D:4      | Found a basalt altar of Yredelemnul.
  3839 | D:4      | Became a worshipper of Cheibriados the Contemplative
  4001 | D:4      | Noticed Edmund
  4016 | D:4      | Killed Edmund
  4361 | D:4      | Noticed Ijyb
  4377 | D:4      | Killed Ijyb
  4594 | D:5      | Entered Level 5 of the Dungeon
  4750 | D:5      | Reached skill level 1 in Dodging
  4768 | D:5      | Reached XP level 8. HP: 51/65 MP: 6/10
  4773 | D:5      | Reached * piety under Cheibriados
  5098 | D:5      | Reached skill level 5 in Fighting
  6219 | D:5      | Identified the +4 short sword "Pieteegg" {vorpal, Will-
                  | rCorr Int+7}
  6266 | D:6      | Reached ** piety under Cheibriados
  6390 | D:6      | Found a staircase to the Ecumenical Temple.
  6453 | D:6      | Reached skill level 6 in Fighting
  6675 | D:6      | Reached XP level 9. HP: 66/73 MP: 11/11
  6903 | D:6      | Got the Almanac of Sinister Envenoming
  7129 | D:7      | Noticed Dowan
  7129 | D:7      | Noticed Duvessa
  7160 | D:7      | Killed Duvessa
  7161 | D:7      | Reached skill level 1 in Poison Magic
  7162 | D:7      | Killed Dowan
  7516 | D:7      | Noticed Maggie
  7523 | D:7      | Killed Maggie
  7820 | D:7      | Found a transporter.
  7820 | D:7      | Found a transporter.
  7821 | D:7      | Noticed a moth of wrath
  7822 | D:7      | Noticed spaghetti's ghost (novice OgBe)
  7824 | D:7      | Noticed a two-headed ogre
  7884 | D:7      | Found a bloodstained altar of Trog.
  7957 | D:7      | Noticed Joseph
  8203 | D:7      | Reached skill level 7 in Fighting
  8463 | D:7      | Reached *** piety under Cheibriados
  9122 | D:7      | Learned a level 4 spell: Corpse Rot
  9166 | D:8      | Noticed Maurice
  9173 | D:8      | Killed Maurice
  9191 | D:8      | Found a shadowy altar of Dithmenos.
  9312 | D:8      | Reached XP level 10. HP: 74/85 MP: 5/15
  9460 | D:8      | Noticed a centaur warrior
  9471 | D:8      | Killed a centaur warrior
  9472 | D:8      | Reached skill level 8 in Fighting
  9472 | D:8      | Reached skill level 5 in Poison Magic
  9490 | D:8      | Paralysed by a hornet for 3 turns
  9492 | D:8      | HP: 4/85 [hornet (5)]
  9493 | D:8      | Succumbed to a hornet's poison

Illustrated notes

Levels and vault maps discovered:
D:1:      amcnicky_arrival_feature_with_door, layout_loops_corners,
          shapermc_ecumenical_altar_starsandcircs, palyth_stone_intersect,
          moated_statue
D:2:      layout_rooms
D:3:      minmay_general_purpose_star, layout_rooms
D:4:      layout_loops_ring, grunt_temple_overflow_cloverleaf,
          fedhas_ov_isle_minmay, uniq_natasha, uniq_ijyb, uniq_menkaure,
          uniq_grinder, uniq_edmund, uniq_sigmund
D:5:      nicolae_cairo_tiling, layout_loops_ring, minmay_increasing_density
D:6:      nicolae_cairo_tiling_large_dashed, layout_rooms,
          minmay_temple_entry_mist, ebering_dispersal_statue_hall,
          corner_web_ring
D:7:      layout_basic, gammafunk_ghost_wrathful_warriors, minmay_manual_moon,
          uniq_joseph, uniq_maggie, uniq_duvessa
D:8:      nzn_winding_woodlands_cross
          [nzn_winding_woodlands_5x15_river_crossing,
          nzn_winding_woodlands_5x15_pathside_ponds,
          nzn_winding_woodlands_5x15_eye, nzn_winding_woodlands_5x15_crooked,
          nzn_winding_woodlands_15x15_thick_spiral], layout_cave_pools,
          grunt_dithmenos_shadows, enter_bailey_3, minmay_misc_feat_encased,
          uniq_erica, uniq_maurice

Skill      XL: |  1  2  3  4  5  6  7  8  9 10 |
---------------+-------------------------------+-----
Short Blades   | 1 2 3 4 5 |  5.9
Fighting       | 2 3 4 6 7 8 |  8.1
Necromancy     | 5 6 7 |  7.5
Dodging        | 1 3 |  3.7
Spellcasting   | 3 4 |  4.5
Poison Magic   | 4 5 |  5.4
Slings         | |  1.0
Throwing       | |  1.0
Armour         | |  1.5

Action                   |  1- 3 |  4- 6 |  7- 9 | 10-12 || total
-------------------------+-------+-------+-------+-------++-------
Melee: Dagger            |    91 |    73 |   332 |    32 ||   528
       Trident           |     1 |       |       |       ||     1
       Tailslap          |     2 |    10 |    54 |     5 ||    71
       Punch             |       |       |     3 |     1 ||     4
Throw: Boomerang         |       |     5 |       |       ||     5
 Cast: Necrotize         |    21 |    10 |    17 |       ||    48
       Vampiric Draining |       |       |    25 |     4 ||    29
       Dispel Undead     |       |       |    10 |       ||    10
 Abil: Rolling Charge    |       |     1 |    13 |     1 ||    15
Evoke: Wand              |       |       |     7 |     1 ||     8
  Use: Scroll            |     1 |     4 |     6 |     1 ||    12
       Potion            |       |     4 |     5 |     1 ||    10
 Stab: Paralysed         |       |       |     6 |     2 ||     8
       Sleeping          |       |       |     2 |       ||     2
Armor: Scale mail        |    29 |       |       |       ||    29
       Leather armour    |     8 |    10 |    77 |       ||    95
       Robe              |       |       |    30 |    19 ||    49
Dodge: Dodged            |    32 |    26 |   104 |    26 ||   188

Table legend: (Time is in decaauts)
 A = Elapsed time spent in this place.
 B = Non-inter-level travel time spent in this place.
 C = Inter-level travel time spent in this place.
 D = Time resting spent in this place.
 E = Time spent auto-exploring this place.
 F = Levels seen in this place.
 G = Mean time per level.
                   A        B        C        D        E       F      G
               +--------+--------+--------+--------+--------+-----+--------+
         Total |  10649 |  10506 |    143 |    240 |   8564 |   8 | 1331.1 |
       Dungeon |  10649 |  10506 |    143 |    240 |   8564 |   8 | 1331.1 |
               +--------+--------+--------+--------+--------+-----+--------+

Top non-repeatable levels by time:
     D:7: 2665 daAuts
     D:5: 1904 daAuts
     D:4: 1873 daAuts
     D:1: 1008 daAuts
     D:6: 990 daAuts
     D:3: 936 daAuts
     D:2: 847 daAuts
     D:8: 423 daAuts
